Map: Cerulean Fall LE

Players

floatingbase

  • Race: Terran Terran
  • League: Diamond
  • Spawn Location: 7:00

Treebeard - Winner!

  • Race: Zerg Zerg
  • League: Platinum
  • Spawn Location: 1:00

VOD

Have the link to the VOD?

Description

zvt - terran talks sht gets hit

Time

  • Played on: Sept. 10, 2018, 4:57 p.m.
  • Length: 19:55
Show
View Real Time Build Order
Export as new Build Order

floatingbase Terran 

Build Orders: Cyclone Opening 

Get SALT Encoding   

  12  0:01  SCV  
  13  0:13  SCV  
  14  0:19  Supply Depot  
  14  0:25  SCV  
  15  0:39  Refinery  
  15  0:46  Engineering Bay  
  15  0:55  Barracks  
  14  1:13  SCV  
  15  1:25  Supply Depot  
  15  1:27  Refinery  
  15  1:42  Orbital Command  
  15  1:48  Reaper  
  16  2:01  Factory  
  16  2:08  SCV  
  17  2:29  Barracks Reactor  
  17  2:31  SCV  
  18  2:43  SCV  
  19  2:48  Cyclone  
  19  2:49  Starport  
  22  3:11  Marine  
  22  3:12  Marine  
  24  3:25  Liberator  
  23  3:45  SCV  
  27  3:50  Cyclone  
  30  4:01  Marine  
  30  4:02  Supply Depot  
  31  4:09  Supply Depot  
  31  4:24  Cyclone  
  34  4:28  Command Center  
  34  4:38  Medivac  
  34  4:43  Barracks Reactor  
  34  4:44  SCV  
  37  4:52  Widow Mine  
  39  5:29  Liberator  
  39  5:32  Cyclone  
  39  5:33  Cyclone  
  44  5:44  Marine x2  
  39  7:03  Cyclone x2  
  45  7:14  Orbital Command  
  42  7:19  Barracks  
  42  7:21  Barracks  
  42  7:22  Barracks  
  42  7:26  Barracks  
  42  7:27  Barracks  
  42  7:30  Marine x2  
  42  7:33  Orbital Command  
  44  7:40  Medivac  
  46  7:44  Cyclone x2  
  46  7:49  Marine  
  46  7:50  Marine  
  54  8:10  Medivac  
  56  8:14  Marine x2  
  56  8:16  Marine x3  
  56  8:19  Barracks Tech Lab  
  62  8:20  Barracks Tech Lab  
  61  8:31  Marine  
  60  8:48  Marine x2  
  62  8:59  Marine  
  62  9:01  Marine x2  
  62  9:02  Marine x2  
  61  9:06  Marine x2  
  57  9:16  Marine  
  50  9:19  Marine  
  50  9:22  Marine x2  
  50  9:24  Marine x2, Cyclone  
  56  9:33  SCV x2  
  56  9:34  Marine  
  56  9:37  Marine  
  59  9:40  Marine  
  59  9:41  Combat Shields  
  59  9:45  SCV  
  58  10:16  Marine x3  
  58  10:24  Engineering Bay  
  55  10:41  SCV x2  
  56  10:53  Engineering Bay, Missile Turret, SCV  
  56  10:55  Missile Turret  
  56  11:07  Marine  
  57  11:16  Missile Turret  
  57  11:23  Marine x2  
  59  11:30  SCV  
  60  11:34  SCV  
  44  11:56  Marine x4  
  39  12:06  Marine x3  
  36  12:14  Marine x2  
  33  12:30  Marine  
  33  12:31  Marine x4  
  33  12:32  Marine  
  37  12:37  SCV  
  38  12:44  Stimpack  
  38  12:57  Marine  
  38  12:58  Marine x4  
  43  13:05  Medivac  
  45  13:09  SCV  
  41  13:28  Marine x6  
  41  13:29  Marine  
  41  13:33  Widow Mine x2  
  52  13:34  Terran Infantry Weapons Level 1  
  52  13:37  Terran Infantry Armor Level 1  
  52  13:45  SCV x2  
  52  13:46  Marine  
  55  13:57  SCV x2  
  55  14:30  Marine  
  55  14:31  Marine x6  
  61  14:41  SCV  
  61  14:42  Medivac, SCV  
  65  14:48  Marine x2  
  67  14:53  SCV  
  67  14:54  Barracks  
  68  15:39  SCV x2  
  70  15:44  Command Center  
  41  16:10  Marine x7  
  43  16:11  Marine  
  43  16:13  Medivac  
  45  16:18  Armory  
  43  16:27  Marine  
  43  16:32  Marine x4  
  45  16:33  Marine x3  
  51  16:40  Starport  
  51  16:43  Medivac  
  51  16:45  Marine  
  54  16:50  Marine x2  
  54  16:51  Marine x2  
  54  16:52  Marine  
  59  16:55  Marine  
  59  16:56  Marine  
  64  17:23  Marine x8, Widow Mine x2  
  64  17:27  Medivac  
  74  17:49  Marine  
  74  17:50  Refinery, Marine x5  
  80  17:51  Refinery  
  64  18:37  Marine x6  
  64  18:38  Marine x2  
  68  18:45  Supply Depot  
  68  18:46  Factory Tech Lab  
  68  18:55  Marine  
  63  19:08  Marine x7  
  57  19:12  Marine  
  42  19:25  Marine  
  42  19:26  Marine x6  
  42  19:30  Marine  
  46  19:31  Engineering Bay  
Show
View Real Time Build Order
Export as new Build Order

Treebeard Zerg - Winner!

Build Orders: Pool First 

Get SALT Encoding   

  12  0:02  Drone  
  13  0:12  Overlord  
  13  0:17  Drone  
  14  0:30  Drone  
  14  0:31  Drone  
  16  0:37  Drone  
  17  0:45  Drone  
  18  1:12  Drone  
  18  1:16  Spawning Pool  
  18  1:19  Drone, Extractor  
  18  1:32  Hatchery  
  17  1:36  Drone  
  18  1:42  Drone  
  19  1:47  Drone  
  19  1:52  Overlord  
  20  2:01  Overlord  
  20  2:11  Queen  
  22  2:21  Drone  
  23  2:23  Drone  
  24  2:32  Zergling x2  
  25  2:44  Drone x2  
  25  3:10  Overlord  
  25  3:13  Drone x2  
  25  3:14  Drone  
  25  3:17  Extractor  
  25  3:19  Lair  
  27  3:23  Hatchery  
  26  3:32  Queen  
  26  3:33  Drone x3  
  31  3:44  Metabolic Boost  
  31  3:56  Drone  
  31  3:57  Drone x2  
  34  4:07  Roach Warren  
  34  4:10  Baneling Nest  
  34  4:11  Drone x4  
  37  4:21  Drone  
  37  4:22  Drone  
  39  4:24  Roach Warren  
  38  4:33  Queen x2  
  38  4:38  Spine Crawler  
  41  4:47  Drone  
  41  4:48  Overlord  
  42  4:55  Spine Crawler  
  42  4:59  Overlord  
  41  5:02  Drone x2  
  41  5:18  Roach  
  41  5:19  Roach x6  
  55  5:34  Roach x4  
  55  5:35  Roach  
  59  5:48  Queen  
  59  5:59  Queen  
  53  6:21  Spire  
  53  6:24  Queen  
  45  6:33  Roach x5  
  45  6:34  Roach  
  53  6:51  Roach x3  
  59  7:06  Roach  
  59  7:13  Ravager  
  59  7:14  Overlord x3  
  60  7:26  Overlord x2  
  60  7:31  Queen x2  
  60  7:36  Mutalisk x4  
  68  7:37  Hatchery  
  68  7:39  Roach  
  73  7:46  Extractor x2  
  73  7:49  Ravager  
  72  8:04  Ravager  
  73  8:21  Roach x3  
  79  8:29  Drone x5  
  84  8:36  Roach x3  
  53  9:31  Drone x3, Queen  
  56  9:32  Queen x2  
  62  9:43  Zergling x2  
  62  9:44  Zergling x2  
  64  9:49  Overlord  
  63  9:57  Overlord  
  63  9:58  Overlord  
  62  10:07  Queen x2  
  62  10:12  Roach  
  67  10:21  Hatchery  
  64  10:37  Drone x4  
  64  10:39  Drone  
  69  10:54  Roach x2  
  73  11:02  Roach  
  75  11:05  Roach  
  71  11:21  Roach x2  
  71  11:22  Roach  
  77  11:26  Ravager x3  
  80  11:38  Spine Crawler  
  80  11:39  Spine Crawler  
  68  12:00  Roach x5  
  68  12:01  Roach x2  
  63  12:15  Roach x2  
  52  12:35  Drone x5  
  52  12:36  Drone x2  
  59  12:47  Drone x3  
  62  12:59  Drone x2  
  60  13:25  Drone x4  
  64  13:37  Drone x2, Extractor x2  
  64  13:38  Drone x5  
  64  13:40  Drone x5  
  64  13:41  Drone x2  
  76  14:00  Roach  
  76  14:01  Roach x5  
  85  14:38  Drone  
  86  14:47  Spore Crawler  
  86  14:49  Spore Crawler, Drone x5, Spine Crawler  
  86  14:51  Overlord x5, Spine Crawler  
  86  14:52  Overlord  
  87  15:02  Spore Crawler  
  87  15:03  Spore Crawler  
  85  15:15  Queen x4  
  85  15:16  Overlord  
  85  15:17  Drone x2  
  85  15:18  Drone x2  
  85  15:19  Infestation Pit  
  96  15:34  Ravager x3  
  96  15:35  Ravager x3  
  102  15:42  Roach x5  
  112  15:43  Overlord x2  
  112  15:44  Drone  
  89  16:11  Roach x2  
  89  16:12  Roach x8  
  89  16:13  Roach x2  
  113  16:26  Ravager  
  113  16:27  Ravager  
  113  16:28  Roach  
  113  16:29  Roach  
  119  16:49  Overlord  
  119  16:52  Overlord x2  
  119  16:53  Hatchery, Roach x2  
  122  17:02  Hatchery  
  121  17:12  Roach x3  
  127  17:20  Roach x2  
  127  17:21  Ravager x5  
  136  17:28  Hive  
  136  17:35  Glial Reconstitution  
  136  17:36  Overlord  
  136  17:37  Drone  
  136  17:38  Drone x5  
  136  17:39  Drone x2  
  144  17:49  Overlord  
  140  18:38  Roach x7  
  140  18:39  Roach x13  
  180  18:49  Overlord  
  126  19:21  Roach  
  126  19:22  Roach x11  
Tags
 
Add a new tag
Caveats
  • Supply blocks, unpowered buildings, or Contaminate may cause inaccurate times.
  • Supply counts are checked every 10 seconds.